 Dungeon Crawl Stone Soup version 0.30-a0-737-gf23d94013f (webtiles) character file.

Game seed: 11509767355748546306

791 Sabo the Cudgeller (level 7, -2/42 HPs)
             Began as a Gargoyle Reaver on Feb 2, 2023.
             Slain by an ogre
             ... wielding a +0 giant club
              (21 damage)
             ... on level 6 of the Dungeon.
             The game lasted 00:30:52 (6173 turns).

Sabo the Cudgeller (Gargoyle Reaver)                Turns: 6173, Time: 00:30:53

Health: -2/42      AC: 18    Str: 16    XL:     7   Next: 88%
Magic:  10/10      EV: 14    Int: 15    God:
Gold:   360        SH:  0    Dex:  8    Spells: 10/11 levels left

rFire   x . .      SeeInvis .    B - +2 dagger (freeze)
rCold   + + .      Faith    .    (no shield)
rNeg    + . .      Spirit   .    h - +0 ice dragon scales
rPois   ∞          Reflect  .    F - +0 hat
rElec   +          Harm     .    z - +0 cloak
rCorr   +          Rampage  .    l - +0 pair of gloves
Will    .....                    x - +0 pair of boots Stlth
                                 (no amulet)
HPRegen 0.27/turn                c - +5 ring of evasion
MPRegen 0.12/turn                v - ring of resist corrosion

@: no status effects
A: sickness immunity, AC +4, negative energy resistance 1, electricity
resistance, torment resistance 1, petrification resistance
a: no special abilities


You were on level 6 of the Dungeon.
You visited 1 branch of the dungeon, and saw 6 of its levels.

You collected 360 gold pieces.

Inventory:

Hand Weapons
 p - a +0 flail
 B - a +2 dagger of freezing (weapon)
 E - a +0 shortbow
Missiles
 e - 3 javelins (quivered)
 y - 8 poisoned darts
 A - 2 atropa-tipped darts
 H - 3 boomerangs of dispersal
Armour
 h - +0 ice dragon scales (worn)
 l - a +0 pair of gloves (worn)
 s - a +2 ring mail of poison resistance
 x - a +0 pair of boots (worn)
 z - a +0 cloak (worn)
 F - a +0 hat (worn)
Jewellery
 c - a +5 ring of evasion (left hand)
 v - a ring of resist corrosion (right hand)
Wands
 u - a wand of flame (10)
 D - a wand of charming (6)
Scrolls
 d - 2 scrolls of enchant weapon
 i - a scroll of poison
 j - 2 scrolls of amnesia
 m - a scroll of magic mapping
 n - a scroll of summoning {unknown}
 w - a scroll of blinking
 C - a scroll of enchant armour {unknown}
Potions
 f - 2 potions of haste {unknown}
 g - a potion of curing {unknown}
 k - a potion of attraction {unknown}
 o - a potion of might {unknown}
 q - 2 potions of heal wounds
 r - a potion of resistance
 t - a potion of mutation {unknown}
 G - a potion of berserk rage {unknown}


   Skills:
 + Level 3.9 Fighting
 + Level 3.1 Short Blades
 + Level 5.1 Maces & Flails
 + Level 0.8 Throwing
 + Level 3.8 Armour
 + Level 2.9 Dodging
 + Level 0.7 Stealth
 + Level 2.6 Spellcasting
 + Level 3.3 Conjurations


You had 10 spell levels left.
You knew the following spells:

 Your Spells              Type           Power      Damage    Failure   Level
a - Kiss of Death         Conj/Necr      28%        2d7       43%         1

Your spell library contained the following spells:

 Spells                   Type           Power      Damage    Failure   Level
 Momentum Strike          Conj/Tloc      14%        3d8       56%         2
 Hailstorm                Conj/Ice       7%         3d4       80%         3
 Portal Projectile        Hex/Tloc       2%         N/A       96%         3
 Tukima's Dance           Hex            1%         N/A       96%         3
 Blade Hands              Tmut           0%         N/A       100%        5


Dungeon Overview and Level Annotations

Branches:
Dungeon (6/15)
 Temple: D:4-7

Altars:
Fedhas
The Shining One


Innate Abilities, Weirdness & Mutations

You are immune to sickness and miasma.
Your stone body is resilient. (AC +4)
You are immune to poison.
You resist negative energy. (rN+)
You are resistant to electric shocks. (rElec)
You are resistant to unholy torment.
You are immune to petrification.


Message History

You climb downwards.
Found a ring mail.
There is a stone staircase leading up here.
Found a chain mail.
An ogre comes into view. It is wielding a +0 giant club.
The ogre shouts!
You hear an angry hiss.
Found a glowing golden altar of the Shining One.
The ogre hits you but does no damage.
You hit the ogre. You freeze the ogre.
The ogre is lightly wounded.
You hit the ogre but do no damage.
The ogre is lightly wounded.
The ogre misses you.
You barely miss the ogre.
The ogre is lightly wounded.
You hit the ogre. You freeze the ogre.
The ogre is lightly wounded.
The ogre hits you with a +0 giant club!
You hit the ogre. You freeze the ogre.
The ogre is moderately wounded.
You hit the ogre but do no damage.
The ogre is moderately wounded.
The ogre barely misses you.
You hit the ogre. You freeze the ogre.
The ogre is moderately wounded.
You hit the ogre. You freeze the ogre.
The ogre is heavily wounded.
The ogre hits you with a +0 giant club!
You barely miss the ogre.
The ogre is heavily wounded.
You hit the ogre. You freeze the ogre.
The ogre is heavily wounded.
The ogre closely misses you.
You hit the ogre. You freeze the ogre.
The ogre is severely wounded.
You hit the ogre. You freeze the ogre.
The ogre is severely wounded.
The ogre hits you with a +0 giant club!!
Ouch! That really hurt!
You die...

#...... ###.....
...... #...
..#####.###
.......<..######
########........
############....#...
#....O@.............
_.......[............
.#..##############...
... ... # ..


You could see an ogre.

Vanquished Creatures
  2 ogres
  A centaur (D:5)
  A kobold brigand (D:5)
  2 scorpions (D:5)
  2 hounds (D:5)
  An iguana (D:5)
  7 gnolls
  4 adders
  A shadow imp (D:5)
  A white imp (D:5)
  3 worms
  4 dart slugs
  4 orcs
  8 ball pythons
  8 endoplasms
  4 giant cockroaches
  6 goblins
  8 hobgoblins
  13 jackals
  18 kobolds
  3 quokkas
  9 bats
  4 frilled lizards
  6 rats
120 creatures vanquished.

Notes
Turn   | Place    | Note
-------+----------+-------------------------------------------
     0 | D:1      | Sabo the Gargoyle Reaver began the quest for the Orb.
     0 | D:1      | Reached XP level 1. HP: 12/12 MP: 3/3
   192 | D:1      | Reached XP level 2. HP: 17/17 MP: 5/5
   725 | D:1      | Reached XP level 3. HP: 4/20 MP: 6/6
  1185 | D:2      | Found a blossoming altar of Fedhas.
  1605 | D:2      | Reached XP level 4. HP: 27/27 MP: 7/7
  1772 | D:2      | Reached skill level 4 in Maces & Flails
  1775 | D:2      | Reached skill level 1 in Armour
  1897 | D:2      | Reached XP level 5. HP: 27/27 MP: 6/8
  4383 | D:4      | Noticed an ogre
  4408 | D:4      | Killed an ogre
  4409 | D:4      | Reached XP level 6. HP: 9/37 MP: 9/9
  4881 | D:5      | Entered Level 5 of the Dungeon
  4965 | D:5      | Reached skill level 5 in Maces & Flails
  5144 | D:5      | Reached skill level 1 in Short Blades
  5174 | D:5      | Reached XP level 7. HP: 35/41 MP: 10/10
  6161 | D:6      | Found a glowing golden altar of the Shining One.
  6173 | D:6      | Slain by an ogre

Illustrated notes

Levels and vault maps discovered:
D:1:      scummos_arrival_simple_fountains, layout_loops_cross,
          serial_park_tiny_2
D:2:      layout_basic, basic_altar, minmay_increasing_density
D:3:      layout_basic
D:4:      layout_loops_corners
D:5:      layout_loops_ring, hex_large
D:6:      corexii_shack_village, layout_rooms, lemuel_crystal_altar,
          hangedman_decor_peaks_small

Skill      XL: |  1  2  3  4  5  6  7 |
---------------+----------------------+-----
Dodging        | 2 |  2.9
Maces & Flails | 4 5 |  5.1
Armour         | 2 3 |  3.8
Fighting       | 3 |  3.9
Short Blades   | 1 3 |  3.1
Throwing       | |  0.8
Stealth        | |  0.7
Spellcasting   | |  2.6
Conjurations   | |  3.3

Action                     |  1- 3 |  4- 6 |  7- 9 || total
---------------------------+-------+-------+-------++-------
  Melee: Mace              |   133 |    46 |       ||   179
         Punch             |       |     4 |     1 ||     5
         Flail             |       |   101 |       ||   101
         Dagger            |       |    90 |   210 ||   300
  Throw: Javelin           |       |     4 |     1 ||     5
   Cast: Kiss of Death     |     1 |     3 |       ||     4
    Use: Scroll            |     2 |     5 |     1 ||     8
         Potion            |       |     1 |       ||     1
 Armour: Leather armour    |     6 |       |       ||     6
         Ice dragon scales |    85 |   149 |    67 ||   301
  Dodge: Dodged            |   138 |   267 |   146 ||   551

Table legend: (Time is in decaauts)
 A = Elapsed time spent in this place.
 B = Non-inter-level travel time spent in this place.
 C = Inter-level travel time spent in this place.
 D = Time resting spent in this place.
 E = Time spent auto-exploring this place.
 F = Levels seen in this place.
 G = Mean time per level.
                   A        B        C        D        E       F      G
               +--------+--------+--------+--------+--------+-----+--------+
         Total |   6207 |   6207 |      0 |   1116 |      0 |   6 | 1034.5 |
       Dungeon |   6207 |   6207 |      0 |   1116 |      0 |   6 | 1034.5 |
               +--------+--------+--------+--------+--------+-----+--------+

Top non-repeatable levels by time:
     D:2: 1301 daAuts
     D:5: 1249 daAuts
     D:4: 1246 daAuts
     D:1: 1203 daAuts
     D:3: 1187 daAuts
     D:6: 19 daAuts
